 Dungeon Crawl Stone Soup version 0.28-a0-732-g75e6d9beac (webtiles) character file.

Game seed: 15250283838665583865

31 Ijustatesigmund the Covert (level 3, -5/35 HPs)
             Began as a Gnoll Delver on Oct 29, 2021.
             Slain by a mummy (13 damage)
             ... in an ossuary.
             The game lasted 00:01:20 (196 turns).

Ijustatesigmund the Covert (Gnoll Delver)            Turns: 196, Time: 00:01:21

Health: -5/35      AC:  3    Str: 11    XL:     3   Next: 22%
Magic:  4/4        EV: 13    Int:  9    God:
Gold:   16         SH:  0    Dex: 14    Spells: 3/3 levels left

rFire   . . .      SeeInvis .   a - +0 hand axe
rCold   . . .      Faith    .   (no shield)
rNeg    . . .      Spirit   .   b - +0 leather armour
rPois   .          Reflect  .   (no helmet)
rElec   .          Harm     .   (no cloak)
rCorr   .          Rampage  .   (no gloves)
Will    .....                   (no boots)
Stlth   ++++......              (no amulet)
HPRegen 0.11/turn               (no ring)
MPRegen 0.09/turn               (no ring)

@: no status effects
A: fangs 1, strong nose, distributed training
a: no special abilities


You were in an ossuary.
You visited 1 branch of the dungeon, and saw 2 of its levels.
You also visited: Ossuary.

You collected 16 gold pieces.

Inventory:

Hand Weapons
 a - a +0 hand axe (weapon)
Missiles
 d - 17 poisoned darts
 h - 4 javelins (quivered)
Armour
 b - a +0 leather armour (worn)
Wands
 g - a wand of digging (3)
Scrolls
 c - a scroll of fog


   Skills:
 + Level 6.5 Fighting
 + Level 0.7 Short Blades
 + Level 0.7 Long Blades
 + Level 4.5 Axes
 + Level 0.7 Maces & Flails
 + Level 0.7 Polearms
 + Level 0.7 Staves
 + Level 0.7 Slings
 + Level 0.7 Bows
 + Level 0.7 Crossbows
 + Level 0.7 Throwing
 + Level 0.7 Armour
 + Level 4.5 Dodging
 + Level 9.5 Stealth
 + Level 0.7 Shields
 + Level 0.7 Unarmed Combat
 + Level 0.7 Spellcasting
 + Level 0.5 Conjurations
 + Level 0.5 Hexes
 + Level 0.5 Summonings
 + Level 0.5 Necromancy
 + Level 0.5 Translocations
 + Level 0.5 Transmutations
 + Level 0.5 Fire Magic
 + Level 0.5 Ice Magic
 + Level 0.5 Air Magic
 + Level 0.5 Earth Magic
 + Level 0.5 Poison Magic
 + Level 0.9 Invocations
 + Level 0.7 Evocations


You had 3 spell levels left.
You didn't know any spells.
Your spell library was empty.

Dungeon Overview and Level Annotations

Branches:
Dungeon (5/15)            Ossuary (1/1)
 Temple: D:4-7

Altars:


Innate Abilities, Weirdness & Mutations

You have very sharp teeth.
Your uncanny sense of smell can sniff out nearby items.
Your experience applies equally to all skills.


Message History

You see here 17 poisoned darts.
d - 17 poisoned darts Your extra speed is starting to run out.
Found a sand-covered staircase.
You feel yourself slow down.
There is a sand-covered staircase here.
You start resting.
You hear the slow hiss of an avalanche of sand.
You start resting.
An endoplasm is nearby!
There is a sand-covered staircase here.
The world spins around you as you enter the gateway.
You enter an ossuary!
Found a gate leading back out of this place.
There is an empty arch of ancient stone here.
You start resting.
A water moccasin zombie comes into view.
A mummy comes into view.
You enter the shallow water.
Moving in this stuff is going to be slow. 2 mummies come into view.
A bullfrog zombie comes into view.
A bog mummy comes into view.
The mummy closely misses you.
A centaur zombie comes into view.
Your unstable footing causes you to fumble your attack.
The mummy hits you!
* * * LOW HITPOINT WARNING * * *
You are too injured to fight recklessly!
You are too injured to fight recklessly!
You are too injured to fight recklessly!
Unknown command.
You barely miss the mummy. You bite the mummy, but do no damage.
A water moccasin zombie comes into view.
You barely miss the mummy. You bite the mummy, but do no damage.
A mummy opens the door.
A water moccasin zombie comes into view.
You hit the mummy but do no damage.
A centaur zombie comes into view.
The mummy hits you!
You die...

≈ ≈≈ ≈##
≈###P# #≈#≈.#
#≈..≈.
#M#.##### #≈
#.≈.#...# ∆∆∆
#≈≈≈#≈#≈≈.∩.#
∆∆∆
#≈≈≈≈.@≈#..∩#
∆∆∆
#≈≈≈####M#####
#


ZM+ ≈MZ# ≈P.Z# ∆∆∆ #≈≈≈Z' ∆∆∆ ##...# ∆∆∆ ###.# You could see 2 mummies, a bog
mummy, a water moccasin zombie and 2 centaur zombies.

Vanquished Creatures
  A centaur skeleton (D:4)
  A ball python (D:4)
  An endoplasm (D:4)
3 creatures vanquished.

Vanquished Creatures (others)
  2 withered plants (Ossuary)
2 creatures vanquished.

Grand Total: 5 creatures vanquished

Notes
Turn   | Place    | Note
-------+----------+-------------------------------------------
     0 | D:5      | Reached skill level 9 in Stealth
     0 | D:5      | Ijustatesigmund the Gnoll Delver began the quest for the
                  | Orb.
     0 | D:5      | Reached XP level 1. HP: 23/23 MP: 1/1
    29 | D:4      | Noticed a hound
    30 | D:4      | Noticed an orc wizard
    34 | D:4      | Reached XP level 2. HP: 19/29 MP: 2/2
    34 | D:4      | Reached XP level 3. HP: 23/35 MP: 3/3
    91 | D:4      | Found a sand-covered staircase.
   168 | Ossuary  | Entered an ossuary
   196 | Ossuary  | Slain by a mummy

Illustrated notes

Levels and vault maps discovered:
D:4:      due_chaos_kobolds, layout_basic, nicolae_ossuary_entry_ruins
D:5:      wad_pebble_path, layout_loops_ring, marbit_many_paths,
          nicolae_overflow_hidden_temple, temple_green
Ossuary:  ossuary_zaba_flooded

Skill      XL: | |
---------------+-+-----
Stealth        | |  9.5
Fighting       | |  6.5
Short Blades   | |  0.7
Long Blades    | |  0.7
Axes           | |  4.5
Maces & Flails | |  0.7
Polearms       | |  0.7
Staves         | |  0.7
Slings         | |  0.7
Bows           | |  0.7
Crossbows      | |  0.7
Throwing       | |  0.7
Armour         | |  0.7
Dodging        | |  4.5
Shields        | |  0.7
Unarmed Combat | |  0.7
Spellcasting   | |  0.7
Conjurations   | |  0.5
Hexes          | |  0.5
Summonings     | |  0.5
Necromancy     | |  0.5
Translocations | |  0.5
Transmutations | |  0.5
Fire Magic     | |  0.5
Ice Magic      | |  0.5
Air Magic      | |  0.5
Earth Magic    | |  0.5
Poison Magic   | |  0.5
Invocations    | |  0.9
Evocations     | |  0.7

Action                   || total
-------------------------++-------
Melee: Hand axe          ||    20
       Bite              ||     7
  Use: Scroll            ||     2
       Potion            ||     1
 Stab: Sleeping          ||     3
Armor: Leather armour    ||    11
Dodge: Dodged            ||    26

Table legend: (Time is in decaauts)
 A = Elapsed time spent in this place.
 B = Non-inter-level travel time spent in this place.
 C = Inter-level travel time spent in this place.
 D = Time resting spent in this place.
 E = Time spent auto-exploring this place.
 F = Levels seen in this place.
 G = Mean time per level.
                   A        B        C        D        E       F      G
               +--------+--------+--------+--------+--------+-----+--------+
         Total |    178 |    178 |      0 |     88 |      3 |   3 |   59.3 |
       Dungeon |    148 |    148 |      0 |     68 |      3 |   2 |   74.0 |
       Ossuary |     29 |     29 |      0 |     20 |      0 |   1 |   29.0 |
               +--------+--------+--------+--------+--------+-----+--------+

Top non-repeatable levels by time:
     D:4: 134 daAuts
 Ossuary: 29 daAuts
     D:5: 14 daAuts
